[Event "*** Titled Tuesday Blitz"]
[Site "Chess.com"]
[Date "2020.12.01"]
[Round "1"]
[White "kinga2008"]
[Black "DouglasTrawz"]
[Result "1/2-1/2"]
[WhiteElo "2184"]
[BlackElo "2514"]
[TimeControl "180+1"]
[EndTime "10:08:44 PST"]
[Termination "Game drawn by agreement"]

1. e4 e6 2. d4 d5 3. Nc3 Bb4 4. e5 c5 5. a3 Bxc3+ 6. bxc3 Ne7 7. Qg4 Qc7 8. Qxg7 Rg8 9. Qxh7 cxd4 10. Ne2 dxc3 11.
Qd3 Qxe5 12. Qxc3 Qxc3+ 13. Nxc3 Nbc6 14. Nb5 f6 15. Nc7+ Kd7 16. Nxa8 b6 17. Be3 Bb7 18. Nxb6+ axb6 19. Bxb6 Nf5 20. Bb5 Rxg2 21. c4 Nd6 22.
cxd5 Nxb5 23. dxc6+ Bxc6 24. O-O-O+ Kc8 25. a4 Nc3 26. a5 Nxd1 27. Rxd1 Rxh2 28. a6 Bd5 29.
Rd2 Rh1+ 30. Kb2 Rh4 31. Ka3 Rh3+ 32. Ka4 Kb8 33. Rb2 Bc6+ 34. Kb4 Rh4+ 35. Kc5 Bd5 36. Kd6 Ra4 37. a7+ Ka8 38. Ke7 f5 39. Kf6 Ra6 40. Be3 Bb7 41. Rd2 Bd5 42. Rc2 Kb7 43. Rb2+ Kc7 44.
Rc2+ Kd7 45. Rb2 Ra4 46. Rb8 f4 47. Bc5 f3 48. Bb6 Rf4+ 49. Ke5 Ra4 50. Kf6 Rf4+ 51. Kg7 Re4 52. Bc5 Ra4 53. Rb6 Ra2 54. Rd6+ Kc7 55. Rb6 Ra5 56. Bd4 Rxa7 57. Rb4 Rb7 58. Be5+ Kc6+ 59.
Rxb7 Kxb7 60. Kf6 Kc6 61. Kg5 Kb5 62. Kf4 Kc4 63. Bd6 Kd3 64. Bb8 Ke2 65. Ba7 Kd3 66. Be3 Ke2 67. Ke5 Bb3 68. Kf4 Ba2 69. Ke5 Bb3 1/2-1/2

[Event "*** Titled Tuesday Blitz"]
[Site "Chess.com"]
[Date "2020.12.01"]
[Round "1"]
[White "GMSrinath"]
[Black "JustWatch000"]
[Result "1-0"]
[WhiteElo "2831"]
[BlackElo "2405"]
[TimeControl "180+1"]
[EndTime "10:08:51 PST"]
[Termination "GMSrinath won by resignation"]

1. Nf3 Nf6 2. c4 g6 3. b3 Bg7 4. Bb2 O-O 5. g3 d6 6. Bg2 e5 7. O-O Nbd7 8. Nc3 c6 9. d3 Re8 10. Nd2 a5 11. Nde4 Qc7 12. Rc1 h6 13. a3 Kh7 14. b4 axb4 15. axb4 Nxe4 16. Nxe4 f5 17.
Nc3 Nf6 18. b5 Be6 19. e3 Qb6 20. Re1 d5 21. Na4 Qa7 22. Ra1 dxc4 23. bxc6 e4 24.
dxe4 fxe4 25. Bd4 Qb8 26. cxb7 Qxb7 27. Nc5 Qc6 28. Rxa8 Rxa8 29. Qc2 Bd5 30. Bxf6 Bxf6 31. Nxe4 Bg7 32. Rd1 Rd8 33. f4 Bxe4 34. Rxd8 Bxg2 35. Qxg2 Qb6 36. Rd1 Qxe3+ 37. Qf2 Qe4 38. Re1 Qd3 39. Re7 Kg8 40. Re8+ Kf7 41. Re3 Qd1+ 42. Re1 Qd3 43. Qa7+ Kg8 44. Re8+ Kh7 45. Re7 Qd1+ 46. Kg2 Qc2+ 47.
Qf2 Qd3 48. Qe2 Qd5+ 49. Qe4 Qd2+ 50. Kh3 Qd1 51. Qxc4 Qd8 52. Qc7 Qf8 53. Rxg7+ Qxg7 54. Qxg7+ Kxg7 55. Kg4 Kf6 56. Kf3 Kf5 57. g4+ Ke6 58.
Ke4 Kf6 59. h4 h5 60. gxh5 gxh5 61. f5 Kf7 62. Ke5 Ke7 63. f6+ Kf7 64. Kf5 Kf8 65.
Kg6 Kg8 66. Kxh5 Kf7 67. Kg5 Kg8 68. Kg6 Kh8 69. Kf7 Kh7 70. Ke7 1-0

[Event "*** Titled Tuesday Blitz"]
[Site "Chess.com"]
[Date "2020.12.01"]
[Round "1"]
[White "dpopadic"]
[Black "SergeiAza"]
[Result "0-1"]
[WhiteElo "2407"]
[BlackElo "2829"]
[TimeControl "180+1"]
[EndTime "10:08:53 PST"]
[Termination "SergeiAza won on time"]

1. e4 c5 2. Nc3 Nc6 3. f4 a6 4. a4 e6 5. Nf3 d5 6. d3 Nf6 7. e5 Ng4 8. Be2 Be7 9. O-O O-O 10.
Qe1 f5 11. h3 Nh6 12. Kh1 b6 13. Bd2 Bb7 14. Qf2 Nb4 15. Bd1 d4 16. Ne2 Nd5 17. c4 dxc3 18. bxc3 Kh8 19. Bc2 Rc8 20. Rab1 a5 21.
Rfd1 Nf7 22. Bc1 g5 23. fxg5 Nxg5 24. Nxg5 Bxg5 25. Bxg5 Qxg5 26. c4 Nb4 27. Rbc1 Rg8 28. Nf4 Rcd8 29. Rg1 Rd4 30. Nxe6 Qh6 31. Qxf5 Bc8 32.
Nxd4 Bxf5 33. Nxf5 Qd2 34. Bb1 Rxg2 35. Rxg2 Qxc1+ 36. Rg1 Qf4 37. Nd6 Qf3+ 38. Kh2 h5 39. Rg3 Qf2+ 40. Rg2 Qf4+ 41. Kh1 Nc6 42. d4 Nxd4 43.
Bg6 Nf3 44. Nf7+ Kg7 45. Bxh5+ Kf8 46. Bxf3 Qxf3 47. e6 Qf1+ 48. Kh2 Qf4+ 49. Kh1 Qe4 50. Ng5 Qxc4 51. Rf2+ Ke8 52. Kg2 Qxa4 53. Kg3 Qb3+ 54.
Rf3 Qd1 55. h4 Qe1+ 56. Kg4 a4 57. h5 Qg1+ 58. Rg3 Qd4+ 59. Kf5 Qd5+ 60. Kg4 Qd4+ 61. Kf5 a3 62. h6 a2 63. Nh7 Qd5+ 64. Kg6 Qe4+ 65. Kg5 Qe5+ 66. Kg6 Qxg3+ 0-1

[Event "*** Titled Tuesday Blitz"]
[Site "Chess.com"]
[Date "2020.12.01"]
[Round "1"]
[White "AvitalBor"]
[Black "Logman74"]
[Result "0-1"]
[WhiteElo "2673"]
[BlackElo "2366"]
[TimeControl "180+1"]
[EndTime "10:08:55 PST"]
[Termination "Logman74 won by resignation"]

1. e4 c5 2. c3 d5 3. exd5 Qxd5 4.
d4 Nf6 5. Nf3 e6 6. Na3 Qd8 7.
Nc2 Be7 8. Be2 O-O 9. O-O Nbd7 10. a4 Qc7 11. a5 Rd8 12. g3 Nf8 13. Bf4 Bd6 14.
Bxd6 Rxd6 15. Qc1 Ng6 16. Rd1 Bd7 17. Ne3 Rc8 18. Qc2 Be8 19. dxc5 Qxc5 20. Rxd6 Qxd6 21. Nc4 Qc5 22. b4 Qc7 23. Rc1 Bc6 24. Ne3 Be4 25. Qb3 Ne5 26. Nxe5 Qxe5 27. c4 Bc6 28. Rd1 Qe4 29.
f3 Ba4 30. Qc3 Qc6 31. Rd2 a6 32. Qd4 h5 33. Qd6 Qxd6 34. Rxd6 Kf8 35. Rb6 Rc7 36. b5 Nd7 37. Rd6 Ke7 38. Rd4 Nc5 39. Kf2 Nb3 40. Rh4 g6 41. g4 hxg4 42. fxg4 Nd4 43. b6 Rc5 44. Rh8 Nxe2 45. Kxe2 Rxa5 46. Kd3 Bc6 47. Kd4 Ra2 48. c5 a5 49. Nc4 a4 50. Na5 Bh1 51. c6 bxc6 52. b7 c5+ 53. Kxc5 Bxb7 54.
Nxb7 Rb2 55. Nd6 Rc2+ 56. Nc4 a3 57. Ra8 a2 58. h4 Rh2 59. Ne5 Kf6 60. Kd4 Rxh4 61.
Rxa2 Rh1 62. Rf2+ Kg5 63. Rxf7 Rd1+ 64. Kc5 Rd5+ 65. Kc4 Rxe5 66. Rg7 Re4+ 67. Kd3 Rxg4 68. Ke3 Kf6 69. Rg8 Rb4 70. Kf3 g5 71. Rf8+ Ke5 72.
Rg8 Rf4+ 73. Ke3 Rf5 74. Rf8 Rxf8 0-1

[Event "*** Titled Tuesday Blitz"]
[Site "Chess.com"]
[Date "2020.12.01"]
[Round "1"]
[White "GM_LOADING"]
[Black "JiiHart"]
[Result "1-0"]
[WhiteElo "2486"]
[BlackElo "2091"]
[TimeControl "180+1"]
[EndTime "10:08:56 PST"]
[Termination "GM_LOADING won by resignation"]

1. Nf3 Nf6 2. g3 d5 3. Bg2 c5 4. O-O Nc6 5. d4 Bg4 6. c4 Bxf3 7. Bxf3 Nxd4 8. Bg2 e6 9. Nc3 Be7 10. cxd5 exd5 11. e3 Nc6 12. Nxd5 Nxd5 13. Qxd5 Qxd5 14. Bxd5 Rc8 15. Bd2 O-O 16. Bc3 b6 17. Rfd1 Rfd8 18. a3 Kf8 19. Rd2 Bd6 20. Rad1 Be5 21. Bxc6 Rxd2 22.
Rxd2 Bxc3 23. bxc3 Rxc6 24. Rd7 a5 25. Rb7 Rd6 26.
c4 a4 27. Kg2 Rd3 28. Rxb6 Rxa3 29. Rb5 Rc3 30. Rxc5 a3 31. Ra5 Rxc4 32. Rxa3 g6 33.
Ra7 Kg7 34. h3 Rb4 35. g4 Rc4 36. Kg3 h6 37. f4 Rc3 38. Re7 Rb3 39. Re4 Kf6 40. h4 Ra3 41. g5+ hxg5 42. hxg5+ Kg7 43. Re5 Rb3 44. Kf3 Ra3 45. Kg4 Ra1 46. Rc5 Rg1+ 47.
Kf3 Rd1 48. e4 Rd3+ 49. Kg4 Rd4 50. Re5 Ra4 51. Re7 Rb4 52. e5 Ra4 53. e6 Ra1 54. Rxf7+ Kg8 55. Kf3 Ra6 56. Rf6 Kg7 57. Kg4 Ra7 58.
Kf3 Re7 59. Ke4 Ra7 60. Rf7+ Rxf7 61. exf7 Kxf7 62. Kd5 Ke7 63. Ke5 Kf7 64. Kd6 Kf8 65.
Ke6 Kg7 66. Ke7 Kg8 67. Kf6 Kh7 68. Kf7 Kh8 69. Kxg6 Kg8 70. Kh6 Kf7 71. Kh7 Ke6 72. g6 Kf5 73. g7 Kxf4 74. g8=Q Ke5 75. Qg6 Kd5 76. Qf5+ Kd6 77. Kg6 1-0

[Event "*** Titled Tuesday Blitz"]
[Site "Chess.com"]
[Date "2020.12.01"]
[Round "1"]
[White "eCztery"]
[Black "Berardino"]
[Result "0-1"]
[WhiteElo "2318"]
[BlackElo "2644"]
[TimeControl "180+1"]
[EndTime "10:09:01 PST"]
[Termination "Berardino won by resignation"]

1. e4 c5 2. Nf3 b6 3. Bc4 Bb7 4.
Bxf7+ Kxf7 5. Ne5+ Ke8 6. Qh5+ g6 7.
Nxg6 Nf6 8. Qh4 Rg8 9. Nxf8 Kxf8 10. d3 Nc6 11. Bh6+ Kf7 12. Nc3 Rxg2 13. O-O-O Rg4 14. Qh3 Qc7 15. Nd5 Nxd5 16. Qxg4 Nf6 17. Qg7+ Ke6 18. f4 d6 19. f5+ Kd7 20. Rhg1 Ne5 21. Bf4 Rg8 22. Qh6 Qd8 23. Bxe5 dxe5 24. Qd2 Qe8 25.
Qc3 Kd6 26. Qb3 Bc8 27. a3 Bd7 28. c3 Rxg1 29. Rxg1 Kc7 30. Re1 Qh5 31. Kb1 Qh4 32.
Rc1 Qh3 33. Qf7 Qxd3+ 34. Ka2 Nxe4 35. Qxe7 Qd6 36. Qxh7 Nf6 37. Qh3 e4 38. Qf1 Qd5+ 39. c4 Qxf5 40. Rd1 Qxf1 41. Rxf1 Ng4 42. h3 Ne5 43.
Re1 Bf5 44. Kb3 Nd3 45. Rf1 e3 46. Rxf5 e2 47. Rf7+ Kd6 48. Rf6+ Ke7 49. Rf3 e1=Q 50. Rxd3 Qe2 51. Rc3 Qe4 52. Ka2 Kf6 53. Kb3 Qh4 54. Ka2 Ke6 55. Kb3 Kd6 56. Rd3+ Kc6 57. Rc3 a6 58. Ka2 b5 59. cxb5+ axb5 60. Kb3 Qh6 61.
Ka2 c4 62. Kb1 Qg6+ 63. Ka2 Qg2 64. Kb1 Qd2 65. Ka2 Kc5 66. Ka1 Kd4 67. Ka2 Qd1 68.
a4 Qxa4+ 69. Kb1 Qd1+ 70. Ka2 b4 71. Rg3 b3+ 72. Ka3 Qa1+ 73. Kb4 Qxb2 74. Rg4+ Ke3 75. Rxc4 Qd2+ 76. Rc3+ Kd4 77. Kxb3 Qxc3+ 78. Ka4 0-1

[Event "*** Titled Tuesday Blitz"]
[Site "Chess.com"]
[Date "2020.12.01"]
[Round "1"]
[White "sopo-tereladze"]
[Black "Ranindu2003"]
[Result "0-1"]
[WhiteElo "2287"]
[BlackElo "2594"]
[TimeControl "180+1"]
[EndTime "10:09:05 PST"]
[Termination "Ranindu2003 won on time"]

1. d4 Nf6 2. Nf3 e6 3. Bf4 d5 4. e3 c5 5. c3 Nc6 6. Bd3 Bd6 7.
Bxd6 Qxd6 8. O-O O-O 9. Re1 e5 10. dxe5 Nxe5 11. Nxe5 Qxe5 12. Nd2 Bg4 13. Be2 Bf5 14.
Nf3 Qe7 15. Bd3 Be4 16. Bxe4 dxe4 17. Nd2 Rfd8 18. Qe2 Rd3 19. Rad1 Rad8 20. Nb3 Qe5 21. h3 h6 22. Nc1 R3d5 23. Rxd5 Qxd5 24. Nb3 b6 25.
Rc1 a5 26. Rc2 Qd3 27. Nc1 Qd5 28. c4 Qd6 29. g3 Kf8 30. Kg2 Ke7 31. a4 Nd7 32.
Na2 Ne5 33. Nc3 Qc6 34. Nd5+ Kf8 35. Qh5 Nxc4 36. Rxc4 Rxd5 37. Qg4 f5 38. Qh4 Qf6 39. Qh5 Qxb2 40. Rxe4 Re5 41. Rf4 Qc2 42. Qg6 Qd3 43.
Qxb6 Qd5+ 44. Rf3 Kg8 45. Qxa5 g5 46. g4 fxg4 47. hxg4 Re4 48. Kh3 Re7 49. Rf5 Qh1+ 50. Kg3 Qh4+ 51. Kf3 Qh3+ 52. Ke2 Qxg4+ 53. Rf3 Rf7 54. Qa8+ Kg7 55. Qd5 Rf6 56. a5 Rxf3 57. Qxf3 Qc4+ 58. Ke1 Qc3+ 59. Ke2 Qxa5 60. Qd5 Qb5+ 61.
Kf3 Qb6 62. Kg3 Kg6 63. Qe5 Qc6 64. e4 c4 65. Kg2 c3 66. Qf5+ Kg7 67. Qe5+ Kf7 68.
Qf5+ Qf6 69. Qd7+ Kg6 0-1

[Event "*** Titled Tuesday Blitz"]
[Site "Chess.com"]
[Date "2020.12.01"]
[Round "1"]
[White "Rital44"]
[Black "vugarrasulov"]
[Result "1/2-1/2"]
[WhiteElo "2445"]
[BlackElo "2896"]
[TimeControl "180+1"]
[EndTime "10:09:09 PST"]
[Termination "Game drawn by agreement"]

1. e4 c5 2. Nf3 d6 3. d4 cxd4 4.
Nxd4 Nf6 5. Nc3 Nc6 6. Bg5 e6 7. Qd2 a6 8. f4 Bd7 9. O-O-O b5 10. Kb1 b4 11. Nxc6 Bxc6 12. Nd5 Nxe4 13. Bxd8 Nxd2+ 14. Rxd2 Bxd5 15. Ba5 Be7 16. Bxb4 O-O 17. Bd3 a5 18. Bc3 Rfc8 19. Re1 Bc4 20. Be4 d5 21. Bf3 Bd6 22.
g3 a4 23. f5 a3 24. fxe6 axb2 25. exf7+ Kxf7 26. Bxd5+ Bxd5 27. Rxd5 Rc6 28. Be5 Bf8 29. Rd7+ Kg8 30. Rf1 Re6 31. Bc3 Rc8 32. Rd3 h6 33. a4 Re4 34. a5 Ra4 35. Kxb2 Rb8+ 36. Kc1 Ra2 37. Kd2 Rc8 38. Ra1 Rxa1 39. Bxa1 Kf7 40. Bc3 Ke6 41. Re3+ Kf7 42. Re4 Rc6 43. Rf4+ Ke8 44.
Ra4 Ra6 45. Rc4 Kd7 46. Rf4 Ke8 47. Re4+ Kd7 48. h4 g6 49. Rg4 h5 50. Rg5 Be7 51.
Rd5+ Kc6 52. Re5 Kd7 53. Rb5 Bd8 54. Rb7+ Kc6 55. Rg7 Kd5 56. Rd7+ Rd6 57. Rxd6+ Kxd6 58. Ke3 Kc6 59. Kf3 Kb5 60. Bd2 Bc7 61. g4 Bd8 62. g5 Bc7 63. Be1 Kc6 64. Ke4 Bb8 65. c4 Bc7 66. Kd3 Bd6 67. Kd4 Bc7 68. Ke4 Bd6 69.
Kf3 Bc7 70. Bg3 Bxa5 71. Ke4 Bc3 72. Kd3 Bb2 73. Bf2 Be5 74. Ke4 Bc3 75. Bd4 Be1 76. Ke5 Bxh4 77. Kf6 Bg3 78. Kxg6 h4 79. Kf5 h3 80.
Bg1 Kd7 81. g6 Ke7 82. Kg4 h2 83. Bxh2 Bxh2 84. c5 Kf6 85. Kh5 Kg7 86. c6 Bf4 1/2-1/2

[Event "*** Titled Tuesday Blitz"]
[Site "Chess.com"]
[Date "2020.12.01"]
[Round "1"]
[White "Gogolev_Artemy"]
[Black "Man-Chuk"]
[Result "0-1"]
[WhiteElo "2429"]
[BlackElo "2861"]
[TimeControl "180+1"]
[EndTime "10:09:13 PST"]
[Termination "Man-Chuk won on time"]

1. c4 e5 2. Nf3 Nc6 3. d4 exd4 4.
Nxd4 Bb4+ 5. Bd2 Bxd2+ 6. Qxd2 Qf6 7. e3 Nge7 8. Nc3 Nxd4 9. Qxd4 Qxd4 10. exd4 d6 11.
O-O-O Be6 12. Bd3 O-O-O 13. Rhe1 d5 14. c5 Rhe8 15. Re3 c6 16. Rde1 Kd7 17. Kd2 h6 18. h4 b6 19. b4 bxc5 20. bxc5 Rb8 21. Rb1 Rxb1 22. Nxb1 Rb8 23. Kc3 a5 24. Nd2 f6 25.
Rg3 g5 26. hxg5 hxg5 27. Rf3 f5 28. Rh3 g4 29. Rh7 Rf8 30. f3 f4 31. fxg4 Bxg4 32.
Rg7 Rg8 33. Rxg8 Nxg8 34. a4 Bd1 35. Bc2 Bxc2 36. Kxc2 Nh6 37. Kd3 Nf5 38. Nf3 Kc7 39.
Kd2 Kd7 40. Kd3 Kc7 41. Kd2 Ne3 42. g3 Nf1+ 43. Ke2 Nxg3+ 44. Kf2 Nf5 45. Kg2 Kd8 46. Kh3 Ne3 47. Kh4 Nc4 48. Kg5 Nb2 49. Kxf4 Nxa4 50.
Ne5 Kc7 51. Ke3 Nc3 52. Kd3 Ne4 53. Kc2 a4 54. Kb2 Nd2 55. Ka3 Nb3 56. Nf3 Na5 57.
Kxa4 Nc4 58. Kb4 Kd7 59. Kc3 Ke6 60. Kd3 Kf5 61. Kc3 Ke4 62. Ng5+ Ke3 63. Nf7 Na3 64. Nd8 Nb5+ 65. Kb3 Nxd4+ 66. Kb4 Kd3 67. Ka5 Nb3+ 68. Kb6 Kc4 69. Kxc6 d4 70. Ne6 d3 71. Nf4 d2 72.
Ng2 Kd4 0-1

[Event "*** Titled Tuesday Blitz"]
[Site "Chess.com"]
[Date "2020.12.01"]
[Round "1"]
[White "Zorbos"]
[Black "nikitadovbnya2008"]
[Result "1-0"]
[WhiteElo "2520"]
[BlackElo "2167"]
[TimeControl "180+1"]
[EndTime "10:09:13 PST"]
[Termination "Zorbos won by checkmate"]

1. e4 c6 2. c4 d5 3. exd5 cxd5 4.
d4 Nf6 5. Nc3 g6 6. cxd5 Bg7 7.
Bc4 O-O 8. Nge2 Nbd7 9. Nf4 Nb6 10. Bb3 Bf5 11. O-O Rc8 12. Re1 Re8 13. h3 h5 14.
Qf3 a6 15. Be3 Nc4 16. Qe2 Nd6 17. Nd3 h4 18. Ne5 Nfe4 19. Rac1 Qa5 20. Bd2 Nxd2 21. Qxd2 Kh7 22. Nf3 Bh6 23. Ng5+ Kg7 24. f4 Nc4 25. Qe2 Nd6 26. Rf1 b5 27. Qf2 b4 28. Ne2 Bxg5 29.
fxg5 Rxc1 30. Rxc1 Qb5 31. Rc5 Qd3 32. Bc2 Qd2 33.
Nf4 Qc1+ 34. Kh2 Bxc2 35. Rxc2 Qd1 36. Rd2 Qb1 37. Qxh4 Qf5 38. Re2 Ne4 39. Rxe4 Rh8 40. Qe1 Qxg5 41. Nd3 Qxd5 42. Qe3 Qd6+ 43. Qg3 Qxg3+ 44.
Kxg3 e6 45. Nxb4 Rb8 46. a3 a5 47. Nd3 Rb3 48. Re3 Kf6 49. Kf3 a4 50. Ke4 g5 51.
Rf3+ Ke7 52. Rf2 f5+ 53. Ke3 Kd6 54. g3 Kd5 55. h4 gxh4 56. gxh4 Rb8 57. Kd2 Rh8 58.
Rf4 Kd6 59. Kc3 Kd5 60. Nb4+ Kd6 61. Kc4 Ra8 62. Kb5 Rc8 63. Kxa4 Ra8+ 64. Kb3 Rb8 65. d5 exd5 66. Rxf5 d4 67. Rd5+ Ke6 68. Rxd4 Rh8 69. Rc4 Ke5 70. a4 Ra8 71. Rc5+ Kd6 72. Rb5 Rh8 73. h5 Kc7 74. a5 Ra8 75. a6 Kd7 76. Rb7+ Kc8 77. Rb6 Kc7 78. Rg6 Rd8 79. h6 Ra8 80. h7 Rh8 81. Rg7+ Kb8 82. Nc6+ Kc8 83. a7 Rxh7 84. a8=Q# 1-0

[Event "*** Titled Tuesday Blitz"]
[Site "Chess.com"]
[Date "2020.12.01"]
[Round "1"]
[White "KetiTsatsalashvili"]
[Black "MarcoRiehle"]
[Result "1/2-1/2"]
[WhiteElo "2347"]
[BlackElo "2668"]
[TimeControl "180+1"]
[EndTime "10:09:15 PST"]
[Termination "Game drawn by repetition"]

1. d4 d5 2. Nf3 e6 3. g3 Nf6 4. Bg2 c5 5. O-O Nc6 6. c4 dxc4 7. Qa4 cxd4 8. Nxd4 Qxd4 9. Bxc6+ Bd7 10. Bxd7+ Qxd7 11. Qxc4 Rc8 12. Qb3 Bc5 13. Nc3 O-O 14. Bg5 Ng4 15. Ne4 h6 16. Nxc5 Rxc5 17. Rad1 Qc6 18. Be3 Nxe3 19.
Qxe3 Rc8 20. h4 a6 21. Rd2 Rc1 22. Rfd1 Rxd1+ 23. Rxd1 Qb5 24. Qd2 Qc4 25. a3 h5 26.
e3 g6 27. Qd4 Qxd4 28. Rxd4 Rc2 29. Rb4 Rc7 30. Kg2 Kf8 31. Kf3 Ke7 32. Ke4 Kd6 33. Rd4+ Kc5 34. Kd3 Kb5 35. Rb4+ Ka5 36. Rc4 Re7 37. Ke4 f6 38. b3 Kb5 39. Rb4+ Kc6 40. Rc4+ Kd7 41. f3 b5 42. Rc3 Re8 43. g4 hxg4 44.
fxg4 Rh8 45. Rd3+ Ke7 46. Rc3 Rxh4 47. Kf3 Rh3+ 48. Kg2 Rh8 49. Rc7+ Kd6 50. Ra7 Ke5 51. Rxa6 Rb8 52. Kf3 f5 53. gxf5 gxf5 54. Ra5 Kf6 55.
Ra6 Rc8 56. Rb6 Rc5 57. a4 bxa4 58. bxa4 Ra5 59. Rb4 Kg5 60. Rc4 e5 61. Rb4 e4+ 62.
Kg3 Rc5 63. Rb3 Ra5 64. Ra3 Kf6 65. Kf4 Ra8 66. Rb3 Ra6 67. Rb5 Rxa4 68. Rxf5+ Ke6 69. Re5+ Kd6 70. Rxe4 Ra1 71. Re8 Rh1 72. Ra8 Ke6 73.
Ra6+ Ke7 74. Ke5 Rh5+ 75. Kd4 Rg5 76. e4 Rh5 77. e5 Rh1 78. Ra7+ Ke6 79. Ra6+ Ke7 80. Kd5 Rd1+ 81. Ke4 Re1+ 82. Kf4 Rf1+ 83. Ke4 Re1+ 84. Kf5 Rf1+ 85. Kg5 Re1 86. Kf4 Rf1+ 87.
Ke3 Re1+ 88. Kd4 Rd1+ 89. Kc5 Rc1+ 90. Kd5 Rd1+ 91. Ke4 Re1+ 1/2-1/2

[Event "*** Titled Tuesday Blitz"]
[Site "Chess.com"]
[Date "2020.12.01"]
[Round "1"]
[White "KononenkoD"]
[Black "Markov_Mikhail"]
[Result "1/2-1/2"]
[WhiteElo "2370"]
[BlackElo "2701"]
[TimeControl "180+1"]
[EndTime "10:09:16 PST"]
[Termination "Game drawn by repetition"]

1. d4 Nf6 2. c4 e6 3. g3 d5 4. Nf3 Be7 5. Bg2 O-O 6. O-O Nbd7 7.
Qc2 c5 8. Rd1 b6 9. cxd5 exd5 10.
Nc3 Bb7 11. Bf4 a6 12. Rac1 Rc8 13. Qb1 Re8 14. a3 c4 15. Ne5 b5 16. e4 dxe4 17. Nxe4 Nxe4 18. Bxe4 Bxe4 19. Qxe4 Nf6 20. Qf3 Qd5 21.
Qe2 a5 22. h4 h6 23. Rc2 Bd6 24. Qd2 b4 25. axb4 axb4 26. Qc1 Nh5 27. Rxc4 Rxc4 28. Qxc4 Qxc4 29. Nxc4 Bxf4 30. gxf4 Nxf4 31. d5 Rd8 32. d6 f6 33. Kf1 Kf7 34. Rd4 Ne6 35. Rd5 Rc8 36. b3 Rc5 37. Rd1 Ke8 38. d7+ Kd8 39.
Nd6 Kxd7 40. Ne4+ Kc6 41. Nxc5 Nxc5 42. Rb1 h5 43. Ke2 Kd5 44. Ke3 g5 45. hxg5 fxg5 46.
Rh1 h4 47. Rg1 Ne6 48. Rd1+ Ke5 49. Rg1 Kf5 50. f3 h3 51. Rh1 Nf4 52. Kf2 Ke5 53. Rd1 Ne6 54. Kg3 Nd4 55. Rd3 Ne6 56. Rd7 Nd4 57. Rb7 Nxb3 58. Rxb4 Nd4 59. Ra4 Ne6 60. Kxh3 Kf5 61. Ra5+ Kf4 62. Kg2 Nd4 63. Ra4 Ke3 64. Kg3 Kd3 65. Kg4 Ke3 66. Ra3+ Ke2 67. Ra4 Ke3 68. Ra2 Kd3 69. Rb2 Ke3 70. Ra2 Kd3 71. Ra1 Ke3 72. Re1+ Kf2 73. Re7 Kg2 74. Re4 Nc6 75.
Ra4 Ne5+ 76. Kxg5 Nxf3+ 77. Kf4 Nh2 78. Ra2+ Kg1 79. Kg3 Nf1+ 80. Kh3 Ne3 81. Kg3 Nf1+ 82. Kf3 Nh2+ 83. Kg3 Nf1+ 1/2-1/2

[Event "*** Titled Tuesday Blitz"]
[Site "Chess.com"]
[Date "2020.12.01"]
[Round "1"]
[White "Ladislav1969"]
[Black "Margency"]
[Result "0-1"]
[WhiteElo "2349"]
[BlackElo "2683"]
[TimeControl "180+1"]
[EndTime "10:09:21 PST"]
[Termination "Margency won by checkmate"]

1. e4 c5 2. d4 cxd4 3. c3 dxc3 4. Nxc3 Nc6 5. Nf3 d6 6. Bc4 a6 7. O-O Nf6 8. Qe2 Bg4 9. Rd1 e6 10. Bf4 Qb8 11. h3 Bxf3 12. Qxf3 Be7 13. g4 O-O 14. g5 Nd7 15. Qg3 Nde5 16. Bb3 b5 17.
h4 Rc8 18. Rd2 Na5 19. h5 Nac4 20. Re2 Qb6 21. Rd1 g6 22. hxg6 hxg6 23. Kg2 Bf8 24.
Rh1 Bg7 25. Rh4 a5 26. Re1 a4 27. Bxc4 Rxc4 28. Reh1 Rac8 29. Qh2 Kf8 30. Rh7 Ng4 31. Qh4 Qxf2+ 32. Qxf2 Nxf2 33. Bxd6+ Kg8 34. Kxf2 a3 35. Rxg7+ Kxg7 36. Be5+ Kf8 37. Bf6 Ke8 38. Rh8+ Kd7 39. Rxc8 Kxc8 40. bxa3 b4 41. axb4 Rxb4 42. Ke3 Kd7 43. a4 Rb3 44. Kd3 Ra3 45. Kc4 Kc6 46. Kb4 Ra1 47. Nb5 Rb1+ 48. Kc4 Kb6 49. Nc3 Rc1 50.
Bd8+ Ka6 51. a5 Rc2 52. Kd3 Rb2 53. Bb6 Rb4 54. Ne2 Rb5 55. Bd8 Rb8 56. Bb6 Rh8 57. Nd4 Rh3+ 58. Kc4 Re3 59. Nc6 Rxe4+ 60. Kc5 Rf4 61. Kd6 Rf5 62. Bd8 Kb7 63. Ne5 Ka6 64.
Bb6 Rxg5 65. Nxf7 Rf5 66. Kxe6 Rf1 67. Bd8 Rd1 68. Be7 Kxa5 69. Ne5 Re1 70. Kf6 Kb5 71.
Nxg6 Kc6 72. Nf8 Kd5 73. Ng6 Rf1+ 74. Kg7 Ke6 75. Bg5 Rg1 76. Be7 Kf5 77. Bf8 Rxg6+ 78.
Kf7 Rb6 79. Be7 Rb7 80. Ke8 Ke6 81. Bd8 Rb8 82. Kf8 Rxd8+ 83. Kg7 Rd5 84. Kg6 Rc5 85.
Kh7 Kf7 86. Kh8 Rh5# 0-1

[Event "*** Titled Tuesday Blitz"]
[Site "Chess.com"]
[Date "2020.12.01"]
[Round "1"]
[White "MomchilPetkov"]
[Black "DrMamaliga"]
[Result "1/2-1/2"]
[WhiteElo "2666"]
[BlackElo "2344"]
[TimeControl "180+1"]
[EndTime "10:09:23 PST"]
[Termination "Game drawn by 50-move rule"]

1. Nf3 g6 2. d4 Bg7 3. Bf4 c5 4.
e3 cxd4 5. exd4 d5 6. c3 Nc6 7.
Nbd2 Bg4 8. h3 Bxf3 9. Nxf3 e6 10. Bd3 Nge7 11. h4 h5 12. O-O O-O 13. Re1 a6 14. a4 Nf5 15. g3 Nd6 16. Ng5 Qd7 17. g4 hxg4 18. Qxg4 f5 19. Qg2 Ne4 20. f3 Nxg5 21.
hxg5 Kf7 22. Qg3 Rfe8 23. Re2 Na5 24. b4 Nc4 25. Bxc4 dxc4 26. Be5 b5 27. Bxg7 Kxg7 28. Qe5+ Kg8 29. axb5 axb5 30. Rxa8 Rxa8 31. Qxe6+ Qxe6 32. Rxe6 Ra3 33. Rxg6+ Kh7 34. Rf6 Rxc3 35. Rxf5 Rb3 36. Rxb5 Rxf3 37. Rc5 c3 38. Kg2 Rd3 39. b5 Kg6 40. d5 Kxg5 41. b6 Rd2+ 42. Kf3 Rb2 43. d6+ Kf6 44. Rc8 Ke6 45. Rc6 Kd7 46. Rxc3 Rxb6 47. Ke4 Rxd6 48. Ke5 Rc6 49. Rh3 Rc5+ 50. Kd4 Rg5 51. Rh6 Ra5 52. Rb6 Rh5 53. Rg6 Rf5 54. Kc4 Rh5 55. Kd4 Rf5 56. Ke4 Rh5 57. Kf4 Ra5 58. Rf6 Rc5 59. Kg4 Rb5 60. Rf1 Ra5 61.
Rd1+ Ke6 62. Kf4 Kf6 63. Rd6+ Ke7 64. Rd3 Kf6 65. Rb3 Ra4+ 66. Kf3 Ke5 67. Rb5+ Kf6 68. Rb6+ Ke5 69. Rh6 Ra3+ 70. Kg4 Ra4+ 71. Kg5 Ra1 72. Kg4 Ra4+ 73. Kf3 Ra3+ 74. Ke2 Ke4 75. Rh4+ Kf5 76. Rb4 Ra2+ 77. Ke3 Ra8 78. Rb5+ Ke6 79. Kd4 Ra4+ 80. Kc5 Rh4 81. Rb1 Rh5+ 82. Kc6 Re5 83.
Rb8 Ke7 84. Rh8 Re1 85. Rh7+ Ke6 86. Kc5 Rc1+ 87. Kd4 Rd1+ 88. Ke4 Re1+ 89. Kf3 Rf1+ 90. Ke2 Rf7 91. Rh6+ Rf6 92. Rh5 Rf5 93. Rh4 Ke5 94. Kd3 Rf3+ 95. Ke2 Rf4 96. Rh8 Re4+ 97. Kd3 Rd4+ 1/2-1/2

[Event "*** Titled Tuesday Blitz"]
[Site "Chess.com"]
[Date "2020.12.01"]
[Round "1"]
[White "Shubinkirill2003"]
[Black "JoliyRoger"]
[Result "0-1"]
[WhiteElo "2707"]
[BlackElo "2388"]
[TimeControl "180+1"]
[EndTime "10:09:38 PST"]
[Termination "JoliyRoger won by resignation"]

1. e4 c6 2. d4 d5 3. exd5 cxd5 4. Bd3 Nc6 5. c3 g6 6. Bf4 Nh6 7. Nf3 Bg7 8. O-O O-O 9. Re1 Nf5 10. Nbd2 Re8 11. b4 Nd6 12. a4 Bf5 13. Nb3 Bxd3 14. Qxd3 Nc4 15. a5 b6 16. a6 Rc8 17. Nbd2 Nxd2 18.
Qxd2 Qd7 19. Bh6 Bh8 20. h3 f6 21. Rad1 Nd8 22. Qd3 Nf7 23. Bc1 Nd6 24. Bf4 Nc4 25. Bc1 b5 26. Re2 Rc6 27. Rde1 Rxa6 28. Nd2 Nxd2 29.
Bxd2 Rd6 30. Bf4 Rb6 31. Qf3 e6 32. h4 Bg7 33. h5 g5 34. Bd2 h6 35. Qh3 f5 36. f4 g4 37. Qh4 a6 38. Ra1 Kf7 39.
Ra5 Bf6 40. Qe1 Ra8 41. Qd1 Rd6 42. Qc2 Bd8 43. Ra2 Bb6 44. Re5 Bc7 45. Qd3 Rc6 46.
Re1 Rc4 47. Rea1 Rc6 48. g3 Kg7 49. Kg2 Qf7 50. Rh1 Bd6 51. Qe2 Qd7 52. Qd3 Kf7 53.
Re1 Rc7 54. Qe2 Rca7 55. Rea1 Bc7 56. Qd3 a5 57. Qe2 a4 58. Qd3 Bb6 59. Qe2 Rc7 60. Qd3 Rac8 61. Ra3 Rc4 62. R3a2 R8c6 63. Ra3 Bd8 64.
R1a2 Bf6 65. Ra1 Qe8 66. Rh1 Ke7 67. Kf2 Qa8 68. Kg2 Qa7 69. Re1 Qb7 70. Qxf5 Qd7 71.
Qh7+ Kd6 72. Qxh6 Qg7 73. Qxg7 Bxg7 74. f5 exf5 75. h6 Bh8 76. Bf4+ Kd7 77. Re3 Re6 78. Kf2 Rxe3 79. Kxe3 Ke6 80. Kd3 Bf6 81. Ra1 Kf7 82. Re1 Rc6 83. Rh1 Kg6 84. Rh2 Rc8 85. Rh1 Re8 86.
Ra1 Ra8 87. Rh1 Bg5 88. Ra1 Bxf4 89. gxf4 Kxh6 90. Re1 Kg6 91. Re6+ Kf7 92. Re5 Kf6 93. Rxd5 a3 94. Rd6+ Ke7 0-1